 Dungeon Crawl Stone Soup version 0.20-a0-993-gba41c3c (webtiles) character file.

122 Alarkh the Insei (level 4, 0/54 HPs)
             Began as a Demonspawn Transmuter on Apr 11, 2017.
             Succumbed to an adder's poison
             ... on level 2 of the Dungeon.
             The game lasted 00:03:18 (3165 turns).

Alarkh the Insei (Demonspawn Transmuter)            Turns: 3165, Time: 00:03:18

Health: 0/54       AC: 22    Str:  9    XL:     4   Next: 78%
Magic:  8/8        EV:  2    Int: 20    God:
Gold:   110        SH:  0    Dex: 13    Spells: 3/8 levels left

rFire    + . .     SeeInvis .     - Unarmed
rCold    + . .     Gourm    .   (no shield)
rNeg     + + +     Faith    .   (armour currently unavailable)
rPois    +         Spirit   .   (helmet currently unavailable)
rElec    +         Reflect  .   (cloak currently unavailable)
rCorr    +         Harm     .   (gloves currently unavailable)
MR       .....     NoTele   +   (boots currently unavailable)
Stlth    ..........             g - amulet of magic regeneration
Regen    0.2/turn               u - ring of loudness (curse)
MPRegen  0.2/turn               (no ring)

@: brilliant, lethally poisoned (0 -> -2), tree-form, resistant
A: blurry vision 1, robust 1, weak 1, wild magic 1
a: no special abilities


You were on level 2 of the Dungeon.
You were not hungry.
You were a tree.
You visited 1 branch of the dungeon, and saw 3 of its levels.

You collected 110 gold pieces.

Inventory:

Missiles
 a - 21 arrows
Armour
 b - a +1 robe (melded)
Jewellery
 g - an amulet of magic regeneration (around neck)
 h - an uncursed amulet of faith
 u - a cursed ring of loudness (left branch)
Wands
 w - a wand of iceblast (11/15)
Scrolls
 e - a scroll of identify
 k - a scroll of amnesia
 l - 2 scrolls of immolation
 o - a scroll of enchant armour
 s - a scroll of teleportation
 t - a scroll of remove curse {unknown}
 v - a scroll of random uselessness
Potions
 f - a potion of haste
Books
 c - a book of Changes

   Spells                             Type                      Level
   a - Beastly Appendage              Transmutation                1
   b - Sticks to Snakes               Transmutation                2
   c - Spider Form                    Transmutation/Poison         3
   d - Ice Form                       Ice/Transmutation            4
   e - Blade Hands                    Transmutation                5
Comestibles
 d - 3 bread rations
 n - a royal jelly
 q - a chunk of flesh


   Skills:
 + Level 2.2 Fighting
 - Level 1.7 Dodging
 * Level 3.7 Unarmed Combat
 + Level 2.6 Spellcasting
 + Level 2.5 Transmutations


You had 3 spell levels left.
You knew the following spells:

 Your Spells              Type           Power        Failure   Level  Hunger
a - Sticks to Snakes      Tmut           ####....     1%          2    ##.....
b - Spider Form           Tmut/Pois      ####......   4%          3    ###....


Dungeon Overview and Level Annotations

Branches:
Dungeon (3/15)

Altars:


Innate Abilities, Weirdness & Mutations

((You have very sharp fingernails.))
Scrolls take you a little longer to read.
You are robust. (+10% HP)
You are weak. (Str -2)
Your spells are a little harder to cast, but a little more powerful.


Message History

You barely miss the adder. The adder bites you but does no damage.
The adder barely misses you. The adder bites you but does no damage.
You smack the adder!
You kill the adder!
* * * LOW HITPOINT WARNING * * *
You feel sick. The adder bites you but does no damage.
You cannot move.
You hit the adder.
The adder is moderately wounded.
The adder bites you but does no damage.
You smack the adder!
You kill the adder!
Your magical contamination has completely faded away.
You cannot move.
You cannot move.
Okay, then.
Okay, then.
Eat one of 2 chunks of flesh? (ye/n/q)
You eat one of the 2 chunks of flesh.
This raw flesh tastes terrible.
You die...

###### ### #..P.####.##
########### #...#.#..#.##
##.........##
.#P.#..#.#P.#######<..........#
.#....P#P..#.##......#######..#
.P≈P.(.....#P#######.# #..#
.≈≈≈≈P.≈≈≈P...#.♣###.# #..#
≈≈≈≈≈≈≈≈≈≈≈P..###.##.# #..#
≈≈≈≈.≈≈≈.≈≈≈≈.# #.##.# #.##
#≈≈≈#≈≈≈#≈≈≈#.###.##.#######.#
##.###.###.####(.###.........#
#...#...#...#....###########.#
..................##########.#
...........................#.#
..................########.#.#


There were no monsters in sight!

Vanquished Creatures
  5 adders (D:2)
  An ooze (D:2)
  A worm (D:2)
  6 dart slugs
  3 leopard geckos (D:2)
  An orc (D:3)
  3 giant cockroaches
  6 goblins
  5 hobgoblins
  2 jackals (D:2)
  A quokka (D:2)
  4 bats
  4 frilled lizards (D:2)
  7 kobolds
  10 rats
59 creatures vanquished.

Notes
Turn   | Place    | Note
-------+----------+-------------------------------------------
     0 | D:1      | Alarkh the Demonspawn Transmuter began the quest for the Orb.
     0 | D:1      | Reached XP level 1. HP: 15/15 MP: 3/3
   293 | D:1      | Reached skill level 3 in Unarmed Combat
   534 | D:1      | Gained mutation: You have sharp fingernails. [demonic ancestry]
   534 | D:1      | Reached XP level 2. HP: 18/21 MP: 3/5
  1277 | D:2      | Reached XP level 3. HP: 23/26 MP: 4/6
  2120 | D:2      | Gained mutation: You have very sharp fingernails. [demonic ancestry]
  2120 | D:2      | Reached XP level 4. HP: 31/32 MP: 7/7
  2937 | D:2      | Learned a level 2 spell: Sticks to Snakes
  2941 | D:2      | Learned a level 3 spell: Spider Form
  3146 | D:3      | HP: 1/33 [adder (1)]
  3156 | D:2      | Gained mutation: Scrolls take you a little longer to read. [potion of mutation]
  3156 | D:2      | Gained mutation: You are weak. (Str -2) [potion of mutation]
  3156 | D:2      | Gained mutation: Your spells are a little harder to cast, but a little more powerful. [potion of mutation]
  3156 | D:2      | Gained mutation: You are robust. (+10% HP) [potion of mutation]
  3160 | D:2      | HP: 2/54 [adder (3)]
  3165 | D:2      | Succumbed to an adder's poison

Vault maps used:
D:1:      dpeg_arrival_more_subterranean_lakeside_camping
D:2:      wad_lake_hut, serial_glass, glass_columns_a, glass_columns_a
D:3:      chequers_ecumenical_altar_simple_redux, uniq_jessica

Skill      XL: |  1  2  3  4 |
---------------+-------------+-----
Unarmed Combat | 3 |  3.7
Transmutations | 2 |  2.5
Fighting       | 2 |  2.2
Dodging        | |  1.7
Spellcasting   | |  2.6

Action                   |  1- 3 |  4- 6 || total
-------------------------+-------+-------++-------
Melee: Unarmed           |    94 |    90 ||   184
       Kick              |     5 |     5 ||    10
       Headbutt          |     2 |       ||     2
 Cast: Beastly Appendage |    10 |     5 ||    15
       Sticks to Snakes  |       |     2 ||     2
  Use: Scroll            |     2 |     4 ||     6
       Potion            |       |     6 ||     6
  Eat: Chunk             |     4 |     4 ||     8
Armor: Robe              |    14 |    27 ||    41
       Skin              |       |    12 ||    12
Dodge: Dodged            |    46 |    89 ||   135
